 Dungeon Crawl Stone Soup version 0.27.1-35-g4d5d836560 (webtiles) character file.

Game seed: 12169133101613296497

4 Delamore the Sneak (level 1, 0/14 HPs)
             Began as an Octopode Brigand on Apr 21, 2022.
             Slain by a jackal (2 damage)
             ... on level 1 of the Dungeon.
             The game lasted 00:00:14 (35 turns).

Delamore the Sneak (Octopode Brigand)                 Turns: 35, Time: 00:00:15

Health: 0/14       AC:  1    Str: 10    XL:     1   Next: 60%
Magic:  1/1        EV: 12    Int: 13    God:
Gold:   0          SH:  0    Dex: 13    Spells: 0/0 levels left

rFire    . . .     SeeInvis .   a - +2 dagger
rCold    . . .     Faith    .   (no shield)
rNeg     . . .     Spirit   .   (helmet restricted)
rPois    .         Reflect  .   (no amulet)
rElec    .         Harm     .   (no ring)
rCorr    .         Rampage  .   (no ring)
Will     .....                  (no ring)
Stlth    ++++......             (no ring)
HPRegen  0.04/turn              (no ring)
MPRegen  0.07/turn              (no ring)
                                (no ring)
                                (no ring)

@: no status effects
A: almost no armour, amphibious, 8 rings, camouflage 1, gelatinous body 1,
(nimble swimmer 1), tentacles
a: no special abilities


You were on level 1 of the Dungeon.
You visited 1 branch of the dungeon, and saw 1 of its levels.

Inventory:

Hand Weapons
 a - a +2 dagger (weapon)
Missiles
 b - 8 poisoned darts
 c - a curare-tipped dart (quivered)


   Skills:
 - Level 2.0 Fighting
 * Level 2.2 Short Blades
 - Level 2.0 Throwing
 - Level 1.0 Dodging
 + Level 5.4 Stealth


You couldn't memorise any spells.
You didn't know any spells.
Your spell library was empty.

Dungeon Overview and Level Annotations

Branches:
Dungeon (1/15)

Altars:


Innate Abilities, Weirdness & Mutations

You cannot wear most types of armour.
You are amphibious.
You can wear up to eight rings at the same time.
Your skin changes colour to match your surroundings (Stealth+).
Your rubbery body absorbs attacks. (AC +1, EV +1)
((You are camouflaged near water. (Stealth+)))
You have tentacles for arms and can constrict up to eight enemies at once.


Message History

You hit the jackal.
The jackal is heavily wounded.
You constrict the jackal, but do no damage.
The jackal misses you.
You hit the jackal.
You kill the jackal!
The jackal bites you but does no damage.
You hit the jackal but do no damage. Your grab misses the jackal.
The jackal misses you.
You hit the jackal. You grab the jackal.
The jackal is lightly wounded.
You constrict the jackal, but do no damage.
The jackal closely misses you.
You hit the jackal. Your squeeze misses the jackal.
The jackal is severely wounded.
You constrict the jackal, but do no damage.
The jackal barely misses you.
You hit the jackal but do no damage.
The jackal is severely wounded.
You constrict the jackal, but do no damage.
The jackal bites you.
* * * LOW HITPOINT WARNING * * *
The jackal barely misses you.
You hit the jackal.
You kill the jackal!
The jackal bites you.
* * * LOW HITPOINT WARNING * * *
You barely miss the jackal. Your grab misses the jackal.
The jackal barely misses you.
Throw: 2 darts (curare)
Press: ? - help, Q - select action, (/) - cycle Shift-Dir - straight line, f/p - jackal
Aim: a jackal (51% to hit)
You throw a curare-tipped dart.
The curare-tipped dart barely misses the jackal.
The curare-tipped dart hits the rat.
The rat is poisoned.
The rat convulses.
The rat seems to slow down.
The rat is severely wounded.
You kill the rat!
The jackal bites you.
You die...

+.......+..
.#.......#.
#.........#+#
#.........#..
#.........#.#
#.........#.#
#.....)...#.#
#.........#@# #
#!......hb#h#.#
#.........#b#.###.#
#........>.h.......
#........##.#.###.#
#........##.#.#...#
#.................#
#####.....#####.#..
#...#.....#...#.#


You could see 2 jackals and a bat.

Vanquished Creatures
  A goblin (D:1)
  2 jackals (D:1)
  A rat (D:1)
4 creatures vanquished.

Notes
Turn   | Place    | Note
-------+----------+-------------------------------------------
     0 | D:1      | Delamore the Octopode Brigand began the quest for the Orb.
     0 | D:1      | Reached XP level 1. HP: 14/14 MP: 1/1
    35 | D:1      | Slain by a jackal

Illustrated notes

Levels and vault maps discovered:
D:1:      minmay_arrival_glassed_features, layout_basic, serial_shops,
          nicolae_square_shop, basic_ecumenical_altar

Action                   || total
-------------------------++-------
Melee: Dagger            ||    13
       Constrict         ||     2
       Tentacles         ||     1
Throw: Dart              ||     1
Armor: Skin              ||     3
Dodge: Dodged            ||    10
